 Dungeon Crawl Stone Soup version 0.27-a0-1245-g940ed4fa31 (webtiles) character file.

Game seed: 9520413930589814479

1298 Ge0ff the Cleaver (level 8, -2/73 HPs)
             Began as a Deep Dwarf Fighter on June 9, 2021.
             Was a Follower of Makhleb.
             Slain by an orc warrior
             ... wielding a +0 hand axe
              (12 damage)
             ... on level 8 of the Dungeon.
             The game lasted 00:09:43 (876 turns).

Ge0ff the Cleaver (Deep Dwarf Fighter)               Turns: 876, Time: 00:09:44

Health: -2/73      AC: 11    Str: 22    XL:     8   Next: 31%
Magic:  6/6        EV:  6    Int:  9    God:    Makhleb [*.....]
Gold:   85         SH: 10    Dex: 12    Spells: 7/7 levels left

rFire    . . .     SeeInvis .   a - +0 war axe
rCold    . . .     Faith    .   c - +0 kite shield
rNeg     . . .     Spirit   .   U - +0 storm dragon scales
rPois    +         Reflect  .   (no helmet)
rElec    +         Harm     .   (no cloak)
rCorr    .         Rampage  .   (no gloves)
Will     +....                  (no boots)
Stlth    ..........             O - amulet of magic regeneration
HPRegen  0.00/turn              V - ring of poison resistance
MPRegen  0.35/turn              (no ring)

@: no status effects
A: damage resistance, heal wounds, sense surroundings 1, no regeneration
a: Heal Wounds, Renounce Religion


You were on level 8 of the Dungeon.
You worshipped Makhleb.
Makhleb was aware of your devotion.
You visited 2 branches of the dungeon, and saw 9 of its levels.
You also visited: Bailey.

You collected 85 gold pieces.

Inventory:

Hand Weapons
 a - a +0 war axe (weapon)
 R - a +0 morningstar
Armour
 b - a +0 scale mail
 c - a +0 kite shield (worn)
 U - +0 storm dragon scales (worn)
Jewellery
 O - an amulet of magic regeneration (around neck)
 V - a ring of poison resistance (left hand)
Potions
 L - 2 potions of lignification


   Skills:
 * Level 4.4 Fighting
 * Level 8.9 Axes
 + Level 4.2 Armour
 - Level 2.0 Dodging
 + Level 4.3 Shields
 + Level 3.2 Invocations


You had 7 spell levels left.
You didn't know any spells.
Your spell library was empty.

Dungeon Overview and Level Annotations

Branches:
Dungeon (8/15)             Temple (1/1) D:6          Bailey (visited)
   Lair: D:8-11

Altars:
Gozag
Kikubaaqudgha
Makhleb
Nemelex Xobeh
Qazlal
Sif Muna
Uskayaw
Wu Jian
Zin
The Shining One


Innate Abilities, Weirdness & Mutations

You are resistant to damage.
You can heal yourself by infusing magical energy.
You passively map a small area around you.
You do not regenerate.


Message History

You closely miss the hornet. The hornet stings you.
The gnoll sergeant hits you but does no damage.
The orc hits you but does no damage. You block the orc warrior's attack.
The hornet stings you but does no damage.
The orc hits you but does no damage.
The gnoll sergeant hits you with a +0 spear.
You block the orc's attack.
The orc warrior hits you but does no damage.
You hit the hornet but do no damage.
The hornet is moderately wounded.
You closely miss the orc warrior. You hit the orc but do no damage.
You hit the gnoll sergeant.
You kill the gnoll sergeant!
Makhleb accepts your kill. You block the hornet's attack.
The orc hits you but does no damage. The hornet closely misses you.
The orc barely misses you. You block the orc warrior's attack.
You hit the hornet.
The hornet is heavily wounded.
You barely miss the orc warrior. You hit the orc but do no damage.
You hit the orc priest but do no damage.
You block the hornet's attack.
The orc priest hits you but does no damage.
The orc hits you but does no damage. You block the orc's attack.
The orc warrior hits you with a +0 hand axe.
The hornet stings you!
You feel yourself slow down. The orc hits you but does no damage.
The orc priest hits you but does no damage.
You barely miss the orc priest. You miss the hornet.
Your storm dragon scales prevents you from hitting the orc warrior.
You hit the orc but do no damage.
You feel yourself speed up.
The hornet stings you but does no damage.
You block the orc's attack. You block the orc warrior's attack.
The hornet stings you!
The orc priest calls down the wrath of Beogh upon you.
Beogh smites you!
* * * LOW HITPOINT WARNING * * *
You block the orc's attack. The orc barely misses you.
The orc warrior hits you with a +0 hand axe!
* * * LOW HITPOINT WARNING * * *
The hornet barely misses you. You block the orc's attack.
The orc priest hits you with a +3 dagger.
* * * LOW HITPOINT WARNING * * *
Use which ability? (? or * to list)
You fail to use your ability.
The hornet stings you.
* * * LOW HITPOINT WARNING * * *
The orc warrior hits you with a +0 hand axe!
You die...

#.# , #.# * , , #.#
###^###############
,
..................#
* ,
###........#......#
, ###....#.#......#
*,
#.##.#.#...)oo####
#.<#.#.#....@o...#
*
#..#.#.#.####y...#
#..#.#.#+# o...#
#..#.#.. ....# *
#..#.#.y , ....# ,
...# , ,....# *
...# , ....# *
#####,*, ._..# ,


You could see a hornet, an orc warrior, an orc priest and 2 orcs.

Vanquished Creatures
  Grinder (D:4)
  An acid dragon (D:8)
  An ice beast (D:7)
  A sky beast (D:7)
  A necrophage (D:6)
  2 centaurs
  A phantom (D:6)
  A gnoll sergeant (D:8)
  A scorpion (D:5)
  A water moccasin skeleton (D:6)
  A bullfrog zombie (D:6)
  A centaur skeleton (D:7)
  2 hounds
  2 jellies
  A bullfrog skeleton (D:7)
  An iguana (D:7)
  A scorpion zombie (D:5)
  A killer bee zombie (D:7)
  3 gnolls (D:8)
  A shadow imp (D:6)
  A dart slug (D:3)
  3 orcs
  An endoplasm (D:2)
  A hobgoblin (D:4)
  4 goblins (D:7)
  A kobold (D:4)
  A rat (D:3)
37 creatures vanquished.

Notes
Turn   | Place    | Note
-------+----------+-------------------------------------------
     0 | D:1      | Ge0ff the Deep Dwarf Fighter began the quest for the Orb.
     0 | D:1      | Reached XP level 1. HP: 20/20 MP: 1/1
   228 | D:4      | Noticed Grinder
   244 | D:4      | Paralysed by Grinder for 6 turns
   251 | D:4      | Paralysed by Grinder for 4 turns
   259 | D:4      | Paralysed by Grinder for 2 turns
   261 | D:4      | Killed Grinder
   262 | D:4      | Reached skill level 6 in Axes
   262 | D:4      | Reached skill level 1 in Dodging
   262 | D:4      | Reached XP level 2. HP: 28/28 MP: 2/2
   262 | D:4      | Reached XP level 3. HP: 34/34 MP: 3/3
   262 | D:4      | Reached XP level 4. HP: 42/42 MP: 4/4
   262 | D:4      | Reached XP level 5. HP: 49/49 MP: 5/5
   312 | D:5      | Entered Level 5 of the Dungeon
   324 | D:5      | Reached XP level 6. HP: 18/56 MP: 6/6
   348 | D:6      | Found a staircase to the Ecumenical Temple.
   348 | D:6      | Noticed an ice beast
   400 | Temple   | Entered the Ecumenical Temple
   475 | Temple   | Became a worshipper of Makhleb the Destroyer
   478 | Temple   | Reached skill level 7 in Axes
   555 | D:6      | Reached skill level 8 in Axes
   577 | D:6      | Reached XP level 7. HP: 61/62 MP: 6/6
   626 | D:6      | Reached skill level 1 in Invocations
   705 | D:7      | Found a flagged portal.
   718 | D:7      | Reached XP level 8. HP: 32/72 MP: 7/7
   741 | Bailey   | Entered a bailey
   741 | Bailey   | Noticed an orc knight
   743 | Bailey   | Noticed an orc knight
   838 | D:8      | Noticed a hornet
   847 | D:8      | Found an ornate altar of the Wu Jian Council.
   851 | D:8      | Reached * piety under Makhleb
   876 | D:8      | Slain by an orc warrior

Illustrated notes

Levels and vault maps discovered:
D:1:      lightli_arrival_chessboard, layout_loops_ring,
          chequers_ecumenical_altar_island
D:2:      layout_basic, basic_altar, minivault_14, uniq_sigmund, uniq_natasha
D:3:      layout_basic, amcnicky_altar_gilded, elyvilon_altar_3,
          uniq_crazy_yiuf_cottage
D:4:      layout_cave_pods, vehumet_statue, roderic_lattice_a, st_stairs_6,
          minmay_misc_feat_roman, minmay_misc_feat_enclosed,
          roderic_roman_lattice, uniq_grinder, uniq_eustachio
D:5:      layout_cave_pods, minmay_misc_feat_diagonals, guppyfry_early_orc_mine
D:6:      layout_gridville, minmay_temple_entry_junction, serial_shops, shop,
          minmay_misc_feat_nine_boxes
D:7:      layout_basic, enter_bailey_5
D:8:      layout_basic, grunt_temple_overflow_open, okawaru_metal_pillars_1_2,
          chequers_serial_rivers_micro_d
Temple:   compressed_dpeg_triangle_lava_temple

Skill      XL: |  1  2  3  4  5  6  7  8 |
---------------+-------------------------+-----
Fighting       | 3 4 |  4.4
Axes           | 6 8 |  8.9
Dodging        | 1 2 |  2.0
Invocations    | 2 3 |  3.2
Armour         | 4 |  4.2
Shields        | 4 |  4.3

Action                   |  1- 3 |  4- 6 |  7- 9 || total
-------------------------+-------+-------+-------++-------
Melee: War axe           |    17 |    49 |    88 ||   154
 Abil: Heal Wounds       |       |     3 |     8 ||    11
  Use: Potion            |     3 |       |     1 ||     4
       Scroll            |       |       |     4 ||     4
Armor: Skin              |    11 |       |       ||    11
       Scale mail        |     2 |     3 |       ||     5
       Storm dragon scal |       |    45 |   115 ||   160
Dodge: Dodged            |     2 |    24 |    47 ||    73
Block: Kite shield       |     8 |    49 |    85 ||   142

Table legend: (Time is in decaauts)
 A = Elapsed time spent in this place.
 B = Non-inter-level travel time spent in this place.
 C = Inter-level travel time spent in this place.
 D = Time resting spent in this place.
 E = Time spent auto-exploring this place.
 F = Levels seen in this place.
 G = Mean time per level.
                   A        B        C        D        E       F      G
               +--------+--------+--------+--------+--------+-----+--------+
         Total |    949 |    949 |      0 |      0 |      0 |  10 |   94.9 |
       Dungeon |    850 |    850 |      0 |      0 |      0 |   8 |  106.2 |
        Temple |     96 |     96 |      0 |      0 |      0 |   1 |   96.0 |
        Bailey |      3 |      3 |      0 |      0 |      0 |   1 |    3.0 |
               +--------+--------+--------+--------+--------+-----+--------+

Top non-repeatable levels by time:
     D:7: 219 daAuts
     D:6: 205 daAuts
     D:2: 115 daAuts
     D:4: 100 daAuts
  Temple: 96 daAuts
     D:3: 93 daAuts
     D:8: 54 daAuts
     D:5: 42 daAuts
     D:1: 19 daAuts
  Bailey: 3 daAuts
